 Dungeon Crawl Stone Soup version 0.31-a0-507-gbafd7f5274 (webtiles) character file.

Game seed: 11420530299191046304

74 MisterAzrael the Changeling (level 4, -5/35 HPs)
             Began as a Draconian Shapeshifter on Aug 9, 2023.
             Slain by a gnoll
             ... wielding a +0 halberd
              (6 damage)
             ... on level 3 of the Dungeon.
             The game lasted 00:02:04 (2299 turns).

MisterAzrael the Changeling (DrSh)                  Turns: 2299, Time: 00:02:04

Health: -5/35      AC:  5    Str: 16 (19) XL:     4   Next: 10%
Magic:  4/4        EV: 12    Int:  7 (8)  God:
Gold:   82         SH:  0    Dex: 10 (12) Spells: 3/3 levels left

rFire   . .          .
                       - Unarmed
rCold   . . .        (no shield)
rNeg    . . .        (body armour unavailable)
rPois   .            (helmet currently unavailable)
rElec   .            (cloak currently unavailable)
rCorr   .            (gloves currently unavailable)
SInv    .            (boots currently unavailable)
Will    .....        d - amulet of faith
Stlth   +            (no ring)
HPRegen 0.25/turn    (no ring)
MPRegen 0.09/turn

%: faith
@: beast-form
A: beast (slay +2), AC +5, unfitting armour, cold-blooded
a: Begin Untransformation


You were on level 3 of the Dungeon.
You were a hulking beast.
You visited 1 branch of the dungeon, and saw 3 of its levels.

You collected 82 gold pieces.

Inventory:

Jewellery
 d - an amulet of faith (around neck)
 f - a ring of magical power
Talismans
 b - a beast talisman (active)
 c - a flux talisman
Scrolls
 e - a scroll of fear {unknown}
 i - a scroll of teleportation {unknown}
 j - a scroll of revelation {unknown}
 k - 2 scrolls of acquirement {unknown}
 l - a scroll of amnesia {unknown}
Potions
 a - 2 potions of lignification
 h - a potion of brilliance


   Skills:
 - Level 1.1 Fighting
 - Level 1.7 Dodging
 + Level 3.7 Unarmed Combat
 * Level 4.0 Shapeshifting


You had 3 spell levels left.
You didn't know any spells.
Your spell library contained the following spells:

 Spells                   Type           Power      Damage    Failure   Level
 Magic Dart               Conj           0%         1d3       43%         1
 Call Imp                 Summ           0%         N/A       56%         2
 Static Discharge         Conj/Air       0%         2-2/arc   56%         2
 Mephitic Cloud           Conj/Pois/Air  0%         N/A       80%         3
 Airstrike                Air            0%         2d(0-16)  99%         4
 Summon Lightning Spire   Summ/Air       0%         N/A       99%         4


Dungeon Overview and Level Annotations

Branches:
Dungeon (3/15)

Altars:

Shops:
D:1 (=[((   D:2 [


Innate Abilities, Weirdness & Mutations

You are a hulking beast.
Your limbs bulge with bestial killing power. (Slay +2)
Your plain brown scales are hard. (AC +5)
You cannot fit into any form of body armour.
You are cold-blooded and may be slowed by cold attacks.


Message History

The gnoll is lightly wounded.
You barely miss the gnoll.
The gnoll is lightly wounded.
The gnoll closely misses you.
You barely miss the gnoll.
The gnoll is lightly wounded.
The gnoll misses you.
You punch the gnoll!
The gnoll is severely wounded.
The gnoll closely misses you. The gnoll hits you but does no damage.
The gnoll attacks as you move away! The gnoll closely misses you.
The gnoll attacks as you move away! The gnoll misses you.
Things that are here:
a +0 trident; a +0 leather armour; an orc corpse The gnoll misses you.
The gnoll attacks as you move away! The gnoll misses you.
The gnoll hits you from afar with a +0 halberd!
The gnoll attacks as you move away! The gnoll hits you with a +0 whip.
* * * LOW HITPOINT WARNING * * *
The gnoll attacks as you move away! The gnoll barely misses you.
The gnoll attacks as you move away! The gnoll closely misses you.
The gnoll attacks as you move away! The gnoll hits you with a +0 whip.
* * * LOW HITPOINT WARNING * * *
You hit the gnoll.
The gnoll is severely wounded.
The gnoll hits you with a +0 whip.
* * * LOW HITPOINT WARNING * * *
The gnoll hits you with a +0 club.
* * * LOW HITPOINT WARNING * * *
You hit the gnoll.
You kill the gnoll!
The gnoll hits you with a +0 club.
* * * LOW HITPOINT WARNING * * *
You have reached level 4!
You feel agile.
It was a potion of degeneration.
There was something very wrong with that liquid.
You feel weakened.
You feel dopey.
You feel clumsy.
The gnoll hits you from afar with a +0 halberd.
You die...

#...###.)#########
#........#
#......###
#.....## . #.†..##
.. #....# ...
#..g.# # .. #..gg#
..
#######..#h##...
©........#........
.................#
..######<.....##..
########


You could see 3 gnolls.

Vanquished Creatures
  A gnoll (D:3)
  3 adders
  2 worms
  5 orcs (D:3)
  3 endoplasms
  2 goblins
  2 hobgoblins
  3 kobolds
  A quokka (D:2)
  2 ball pythons
  3 bats (D:2)
  2 rats
29 creatures vanquished.

Notes
Turn   | Place    | Note
-------+----------+-------------------------------------------
     0 | D:1      | MisterAzrael the Draconian Shapeshifter began the quest for
                  | the Orb.
     0 | D:1      | Reached XP level 1. HP: 16/16 MP: 1/1
   243 | D:1      | Found Anuebajuleu's Antique Weapon Shoppe.
   266 | D:1      | Found Telahuhe's Antique Armour Emporium.
   322 | D:1      | Found Lecaf's Weapon Shop.
   364 | D:1      | Found Kiopel's Jewellery Shop.
   473 | D:1      | Found Xeg Socw's Antique Weapon Boutique.
   922 | D:1      | Found a faded altar of an unknown god.
  1201 | D:2      | Reached XP level 2. HP: 16/23 MP: 2/2
  1419 | D:2      | Reached XP level 3. HP: 11/28 MP: 3/3
  1825 | D:2      | Found Jiadit's Antique Armour Boutique.
  2271 | D:3      | Reached skill level 4 in Shapeshifting
  2298 | D:3      | HP: 1/28 [gnoll/+0 club (2)]
  2299 | D:3      | Reached XP level 4. HP: 1/35 MP: 4/4
  2299 | D:3      | Slain by a gnoll

Illustrated notes

Levels and vault maps discovered:
D:1:      wander_arrival_fairy_ring, layout_basic, serial_shops,
          nicolae_shop_rolling_square, nicolae_shop_tiny_real_fake_doors, shop,
          nicolae_shop_hallway_plus, shop, nicolae_ecumenical_lake_church
D:2:      layout_loops_cross, serial_shops, nicolae_shop_waterfront
D:3:      layout_basic, mainiacjoe_overflow_boulevard,
          gammafunk_ghost_mausoleum, uniq_robin

Skill      XL: |  1  2  3 |
---------------+----------+-----
Shapeshifting  | 4 |  4.0
Fighting       | |  1.1
Dodging        | |  1.7
Unarmed Combat | |  3.7

Action                     |  1- 3 |  4- 6 || total
---------------------------+-------+-------++-------
  Melee: Unarmed           |    85 |       ||    85
         Tailslap          |    12 |       ||    12
    Use: Potion            |     1 |     1 ||     2
 Armour: Skin              |    22 |       ||    22
  Dodge: Dodged            |    67 |       ||    67

Table legend: (Time is in decaauts)
 A = Elapsed time spent in this place.
 B = Non-inter-level travel time spent in this place.
 C = Inter-level travel time spent in this place.
 D = Time resting spent in this place.
 E = Time spent auto-exploring this place.
 F = Levels seen in this place.
 G = Mean time per level.
                   A        B        C        D        E       F      G
               +--------+--------+--------+--------+--------+-----+--------+
         Total |   2301 |   2264 |     37 |    464 |   1544 |   3 |  767.0 |
       Dungeon |   2301 |   2264 |     37 |    464 |   1544 |   3 |  767.0 |
               +--------+--------+--------+--------+--------+-----+--------+

Top non-repeatable levels by time:
     D:1: 1329 daAuts
     D:2: 880 daAuts
     D:3: 91 daAuts
